cohdb
Replays
Latest Replays
All Replays
Popular Replays
Top Player Replays
Match Explorer
How It Works
Community
CoH3 Stats
Reddit
Sign in to upload your games and track your stats! →
Sign in with Steam
Match 45986183
Unlisted
Match 45986183
Overview
Messages
Build Orders
End
Kradschützen Motorcycle Team
Panzergrenadier Squad
Panzergrenadier Squad
Construct Light Support Kompanie
MG34 Team
Selects Panzerjäger Kommand Battlegroup
Selects Tank Busters
Construct Mechanized Kompanie
8 Rad Armored Car
Panzerjäger Mechanized Group
Panzerpioneer Squad
Support Armor Elements
StuG III D Assault Gun
2.5-tonne Medical Truck
Rapid Advance
Veteran Squad Leaders
Marder III Tank Destroyer
Selects Crew Shock Tactics
Crew Shock Tactics
Marder III Tank Destroyer
Selects Mine Fields
Selects Defensive Positions
Panzerpioneer Squad
Crew Shock Tactics
Construct Panzerarmee Kommand
Armored Reserves
Selects Anti-tank Overwatch
Anti-tank Overwatch
Crew Shock Tactics
Tiger Heavy Tank
Panzerjäger Squad
AI Takeover
DebaKLeTV
C_U_M_Unity HUSTLER
detahaven
swagmeister
0
0
Comments
sign in to comment!
No comments posted yet!